 Dungeon Crawl Stone Soup version 0.24.0-7-gb3623d2c88 (webtiles) character file.

Game seed: 13890364929421728890, levelgen mode: deterministic

37 Lanoc the Chopper (level 3, -2/30 HPs)
             Began as a Draconian Gladiator on Nov 2, 2019.
             Killed from afar by Robin (10 damage)
             ... with a puff of flame
             ... on level 3 of the Dungeon.
             The game lasted 00:01:23 (484 turns).

Lanoc the Chopper (Draconian Gladiator)              Turns: 484, Time: 00:01:24

Health: -2/30      AC:  5    Str: 16    XL:     3   Next: 23%
Magic:  3/3        EV: 13    Int:  8    God:
Gold:   24         SH:  0    Dex: 13    Spells: 2/2 levels left

rFire    . . .     SeeInvis .   a - +0 war axe
rCold    . . .     Gourm    .   (no shield)
rNeg     . . .     Faith    .   (armour unavailable)
rPois    .         Spirit   .   b - +0 hat
rElec    .         Reflect  .   (no cloak)
rCorr    .         Harm     .   (no gloves)
MR       .....                  (no boots)
Stlth    +.........             (no amulet)
HPRegen  0.10/turn              (no ring)
MPRegen  0.08/turn              (no ring)

@: no status effects
A: unfitting armour, cold-blooded, AC +5
a: no special abilities


You were on level 3 of the Dungeon.
You were not hungry.

You visited 1 branch of the dungeon, and saw 3 of its levels.

You collected 24 gold pieces.

Inventory:

Hand Weapons
 a - a +0 war axe (weapon)
Missiles
 c - 2 throwing nets (quivered)
Armour
 b - a +0 hat (worn)
Scrolls
 e - a scroll of magic mapping {unknown}
 f - 2 scrolls of enchant armour {unknown}
 g - a scroll of teleportation {unknown}
Comestibles
 d - 2 rations


   Skills:
 + Level 2.7 Fighting
 * Level 3.7 Axes
 - Level 1.7 Throwing
 + Level 3.0 Dodging


You had 2 spell levels left.
You didn't know any spells.
Your spell library was empty.

Dungeon Overview and Level Annotations

Branches:
Dungeon (3/15)

Altars:

Annotations:
D:3 Robin


Innate Abilities, Weirdness & Mutations

Your plain brown scales are hard. (AC +5)
You cannot fit into any form of body armour.
You are cold-blooded and may be slowed by cold attacks.


Message History

There is a stone staircase leading up here.
You see here 3 stones.
Robin hits you with a +1 falchion of electrocution.
You barely miss Robin. Robin completely misses you.
You hit Robin.
Robin is lightly wounded.
Robin zaps a wand.
The puff of flame hits you!
You hit Robin but do no damage.
Robin is lightly wounded.
Robin hits you with a +1 falchion of electrocution.
Robin zaps a wand.
The puff of flame hits you!
* * * LOW HITPOINT WARNING * * *
You are too injured to fight recklessly!
Throwing (i - inventory)
c - 3 throwing nets (quivered)
Press: ? - help, Shift-Dir - straight line, f - Robin
Aim: Robin, wielding a +1 falchion of electrocution, wearing a +1 animal skin, wearing a +0 helmet and carrying a wand of flame (3) (lightly wounded)
You throw a throwing net. The throwing net barely misses Robin.
The throwing net closely misses the hobgoblin.
Robin zaps a wand.
The puff of flame hits you!
You die...

### ..#
###.#
#<#.#
#@#.#
#g#.###
#g#.g†#
#(#.#)#
#.#.#g#
#(..#g#
###.#.#
#.#.#
#.#.#


You could see Robin and a hobgoblin.

Vanquished Creatures
  An adder (D:2)
  2 dart slugs (D:1)
  A leopard gecko (D:3)
  2 bats
  6 goblins
  A hobgoblin (D:1)
  4 jackals (D:1)
  A kobold (D:3)
  A frilled lizard (D:1)
  2 rats
21 creatures vanquished.

Notes
Turn   | Place    | Note
-------+----------+-------------------------------------------
     0 | D:1      | Lanoc the Draconian Gladiator began the quest for the Orb.
     0 | D:1      | Reached XP level 1. HP: 17/17 MP: 1/1
    94 | D:1      | Reached XP level 2. HP: 25/25 MP: 2/2
   170 | D:3      | Reached XP level 3. HP: 27/30 MP: 3/3
   180 | D:3      | Noticed Robin
   484 | D:3      | Killed from afar by Robin

Levels and vault maps discovered:
D:1:      dpeg_arrival_refuge, layout_basic
D:2:      layout_basic, kennysheep_slug_shrine, minmay_tripent
D:3:      layout_basic, nicolae_overflow_crystal_walls, serial_co_window_serial,
          co_window_corner_a, co_window_cross_1, co_window_paths_b,
          co_window_paths_b, co_window_paths_a, co_window_corner_b,
          co_window_paths_c, co_window_broadway_c, co_window_broadway_a,
          glass_columns_b, glass_columns_a, glass_columns_a, glass_columns_a,
          guppyfry_early_orc_mine, uniq_robin

Skill      XL: |  1  2 |
---------------+-------+-----
Dodging        | 3 |  3.0
Fighting       | |  2.7
Axes           | |  3.7
Throwing       | |  1.7

Action                   || total
-------------------------++-------
Melee: War axe           ||    49
       Tailslap          ||     2
Throw: Throwing net      ||     1
 Stab: Sleeping          ||     3
Armor: Skin              ||    20
Dodge: Dodged            ||    44
